 Dungeon Crawl Stone Soup version 0.19.1 (webtiles) character file.

51 Dfrag the Firebug (level 3, 0/28 HPs)
             Began as a Naga Fire Elementalist on Nov 29, 2016.
             Slain by a worm (3 damage)
             ... on level 2 of the Dungeon.
             The game lasted 00:03:17 (666 turns).

Dfrag the Firebug (Naga Fire Elementalist)           Turns: 666, Time: 00:03:18

Health: 0/28       AC:  3    Str: 10    XL:     3   Next: 83%
Magic:  0/6        EV: 10    Int: 16    God:
Gold:   80         SH:  0    Dex: 11    Spells: 1 memorised, 6 levels left

rFire  . . .     SeeInvis +     (no weapon)
rCold  . . .     Gourm    .     a - +0 robe
rNeg   . . .     Faith    .     (no shield)
rPois  +         Spirit   .     i - +0 helmet
rElec  .         Reflect  .     (no cloak)
rCorr  .         Harm     .     (no gloves)
MR     .....                    (no barding)
Stlth  ++........               (no amulet)
                                (no ring)
                                (no ring)

@: very slow
A: see invisible, deformed body, poison resistance, slowness 2, slow metabolism
1, spit poison 1, AC +1
a: Spit Poison


You were on level 2 of the Dungeon.
You were not hungry.

You visited 1 branch of the dungeon, and saw 2 of its levels.

You collected 80 gold pieces.

Inventory:

Armour
 a - a +0 robe (worn)
 i - a +0 helmet (worn)
Scrolls
 d - a scroll of noise {unknown}
 e - a scroll of remove curse {unknown}
 f - a scroll of identify {unknown}
 k - 3 scrolls of amnesia {unknown}
 l - a scroll of recharging {unknown}
 o - a scroll of blinking {unknown}
Potions
 g - a potion of degeneration {unknown}
 h - 2 potions of haste {unknown}
 j - a potion of invisibility {unknown}
Books
 b - a book of Flames

   Spells                             Type                      Level
   a - Flame Tongue                   Conjuration/Fire             1
   b - Throw Flame                    Conjuration/Fire             2
   c - Conjure Flame                  Conjuration/Fire             3
   d - Inner Flame                    Hexes/Fire                   3
   e - Sticky Flame                   Conjuration/Fire             4
   f - Fireball                       Conjuration/Fire             5
Comestibles
 c - a bread ration
 m - a beef jerky
 n - a chunk of flesh


   Skills:
 - Level 1.5 Dodging
 - Level 3.0 Stealth
 + Level 2.6 Spellcasting
 + Level 2.0 Conjurations
 + Level 3.7 Fire Magic


You had 6 spell levels left.
You knew the following spells:

 Your Spells              Type           Power        Failure   Level  Hunger
a - Flame Tongue          Conj/Fire      ##...        8%          1    #......


Dungeon Overview and Level Annotations

Branches:
Dungeon (2/15)

Altars:


Innate Abilities, Weirdness & Mutations

You cannot wear boots.
Your serpentine skin is tough. (AC +1)
You have supernaturally acute eyesight. (SInv)
Armour fits poorly on your strangely shaped body.
Your system is resistant to poisons. (rPois)
You cover ground very slowly.
You have a slow metabolism.
You can spit poison.


Message History

Unknown command.
You have got your breath back.
Casting: Flame Tongue
Confirm with . or Enter, or press ? or * to list all spells.
Aiming: Flame Tongue
Press: ? - help, Shift-Dir - straight line, f/p - worm
Aim: a worm (moderately wounded, poisoned)
The flame tongue hits the worm.
The worm is severely wounded.
Casting: Flame Tongue
Confirm with . or Enter, or press ? or * to list all spells.
Aiming: Flame Tongue
Press: ? - help, Shift-Dir - straight line, f/p - worm
Aim: a worm (severely wounded, poisoned)
The flame tongue hits the worm.
The worm is severely wounded.
The worm looks more healthy.
The worm bites you!
* * * LOW HITPOINT WARNING * * *
The worm bites you.
You die...

.........#
#######..# #..#
#..# #..# ## #..#
#####.###..#######
..............ww.#
##.....#..#####@#
#.........# #.#
##.....#.### #.#
##[...#...# #.# #
##.#†#.#.# #.#
!.(.#.#.#.#.####.#
#.............#
##.......######
#.....>...#


You could see 2 worms.

Vanquished Creatures
  A gnoll (D:1)
  A worm (D:2)
  2 dart slugs (D:1)
  A leopard gecko (D:1)
  A giant cockroach (D:1)
  5 goblins (D:1)
  4 hobgoblins (D:1)
  4 jackals (D:1)
  6 bats
  3 frilled lizards (D:1)
  4 rats (D:1)
32 creatures vanquished.

Notes
Turn   | Place    | Note
-------+----------+-------------------------------------------
     0 | D:1      | Dfrag the Naga Fire Elementalist began the quest for the Orb.
     0 | D:1      | Reached XP level 1. HP: 15/15 MP: 3/3
   110 | D:1      | Reached XP level 2. HP: 22/22 MP: 3/5
   298 | D:1      | Reached XP level 3. HP: 28/28 MP: 2/6
   666 | D:2      | Slain by a worm

Skill      XL: |  1  2  3 |
---------------+----------+-----
Conjurations   | 2 |  2.0
Dodging        | |  1.5
Stealth        | |  3.0
Spellcasting   | |  2.6
Fire Magic     | |  3.7

Action                   || total
-------------------------++-------
Melee: Unarmed           ||    12
 Cast: Flame Tongue      ||    35
 Abil: Spit Poison       ||    27
  Eat: Chunk             ||     1
Armor: Robe              ||    21
Dodge: Dodged            ||    28
